 Dungeon Crawl Stone Soup version 0.28.0-53-g5a82cb258f (webtiles) character file.

Game seed: 1001502403630750559

49934 safid the Mender (level 14, -7/126 HPs)
             Began as a Hill Orc Fighter on July 16, 2022.
             Was a Priest of Elyvilon.
             Constricted to death by Jorgrun (8 damage)
             ... on level 1 of the Orcish Mines.
             The game lasted 00:35:31 (29455 turns).

safid the Mender (Hill Orc Fighter)                Turns: 29455, Time: 00:35:32

Health: -7/126     AC: 22    Str: 24    XL:     14   Next: 53%
Magic:  25/27      EV:  5    Int:  8    God:    Elyvilon [***...]
Gold:   1263       SH:  4    Dex: 10    Spells: 13/13 levels left

rFire   . . .      SeeInvis .   a - +0 war axe
rCold   + . .      Faith    .   c - +0 buckler
rNeg    . . .      Spirit   .   D - +0 plate armour
rPois   .          Reflect  .   o - +0 helmet
rElec   .          Harm     .   b - +2 cloak
rCorr   +          Rampage  .   g - +0 pair of gloves
Will    +....                   (no boots)
Stlth   ..........              y - amulet of the acrobat
HPRegen 0.31/turn               O - ring of protection from cold
MPRegen 0.20/turn               S - ring of resist corrosion

@: grasped by roots, constricted
A: no striking features
a: Renounce Religion, Purification, Heal Other, Heal Self


You were on level 1 of the Orcish Mines.
You worshipped Elyvilon.
Elyvilon was most pleased with you.
You visited 3 branches of the dungeon, and saw 18 of its levels.

You collected 1263 gold pieces.

Inventory:

Hand Weapons
 a - a +0 war axe (weapon)
Missiles
 u - 2 throwing nets (quivered)
 N - 10 poisoned darts
Armour
 b - a +2 cloak (worn)
 c - a +0 buckler (worn)
 g - a +0 pair of gloves (worn)
 o - a +0 helmet (worn)
 D - a +0 plate armour (worn)
Jewellery
 y - an amulet of the acrobat (around neck)
 O - a ring of protection from cold (left hand)
 S - a ring of resist corrosion (right hand)
Wands
 j - a wand of iceblast (13)
 p - a wand of digging (15)
 w - a wand of polymorph (16)
 K - a wand of flame (19)
 R - a wand of paralysis (2)
 T - a wand of charming (5)
Scrolls
 i - a scroll of enchant armour {unknown}
 k - 6 scrolls of teleportation
 n - a scroll of blinking
 r - a scroll of holy word {unknown}
 s - a scroll of summoning {unknown}
 x - a scroll of magic mapping {unknown}
 A - 2 scrolls of enchant weapon
 B - a scroll of fear
 G - a scroll of fog {unknown}
 H - a scroll of immolation {unknown}
 P - a scroll of silence
Potions
 d - 2 potions of might
 e - a potion of resistance {unknown}
 f - 6 potions of heal wounds
 h - 6 potions of flight
 m - 2 potions of mutation
 q - 2 potions of invisibility
 z - a potion of lignification
 C - 3 potions of haste
 I - a potion of cancellation {unknown}
 L - 8 potions of ambrosia
 Q - a potion of degeneration {unknown}
Miscellaneous
 E - a tin of tremorstones (2/2)
 J - a condenser vane
 M - a lightning rod (4/4)
 U - a phial of floods


   Skills:
 - Level 12.0 Fighting
 - Level 16.0 Axes
 - Level 12.0 Armour
 - Level 6.0 Dodging
 - Level 4.0 Shields
 + Level 19.1 Invocations


You had 13 spell levels left.
You didn't know any spells.
Your spell library contained the following spells:

 Spells                   Type           Power      Damage    Failure   Level
 Freeze                   Ice            0%         1d3       99%         1
 Pain                     Necr           0%         1d4       99%         1
 Sting                    Tmut/Pois      0%         1d3       99%         1
 Ensorcelled Hibernation  Hex/Ice        0%         N/A       100%        2
 Passwall                 Tmut/Erth      0%         N/A       100%        2
 Poisonous Vapours        Pois/Air       0%         N/A       100%        2
 Static Discharge         Conj/Air       0%         N/A       100%        2
 Dazzling Flash           Conj/Hex       0%         N/A       100%        3
 Frozen Ramparts          Ice            0%         1d2       100%        3
 Swiftness                Air            0%         N/A       100%        3
 Tukima's Dance           Hex            0%         N/A       100%        3
 Anguish                  Hex/Necr       0%         N/A       100%        4
 Dispel Undead            Necr           0%         3d6       100%        4
 Hailstorm                Conj/Ice       0%         3d3       100%        4
 Ice Form                 Ice/Tmut       0%         N/A       100%        4
 Iskenderun's Mystic Bla  Conj/Tloc      0%         2d3       100%        4
 Olgreb's Toxic Radiance  Pois           0%         N/A       100%        4
 Sticky Flame             Conj/Fire      0%         2d3       100%        4
 Summon Ice Beast         Ice/Summ       0%         N/A       100%        4
 Agony                    Necr           0%         N/A       100%        5
 Excruciating Wounds      Necr           0%         N/A       100%        5
 Silence                  Hex/Air        0%         N/A       100%        5
 Starburst                Conj/Fire      0%         6d3       100%        6
 Enfeeble                 Hex            0%         N/A       100%        7


Dungeon Overview and Level Annotations

Branches:
Dungeon (11/15)            Temple (0/1) D:5            Lair (6/6) D:8
  Swamp (0/4) Lair:2        Snake (0/4) Lair:4        Slime (0/5) Lair:6
    Orc (1/2) D:11

Altars:
Ashenzari
Cheibriados
Dithmenos
Elyvilon
Gozag
Hepliaklqana
Sif Muna
Trog
Xom
The Shining One
Beogh
Jiyva

Shops:
D:3 (

Annotations:
D:7 1 runed translucent door, Diggabert's ghost, novice FoAK
Lair:5 3 runed translucent doors, DocClef's ghost, journeyman GnFE
Lair:6 exclusion: oklob plant
Orc:1 Jorgrun


Message History

The orc warrior hits you with a +0 mace of protection!
Jorgrun points at you and mumbles some strange words.
Roots burst forth from the earth!
The grasping roots grab you! The grasping roots constrict you.
You are too injured to fight recklessly!
You are too injured to fight recklessly!
You hit the orc warrior but do no damage.
The orc warrior is heavily wounded.
You closely miss Jorgrun. Jorgrun hits you but does no damage.
The grasping roots constrict you!
The orc warrior hits you but does no damage.
Unknown command.
You slash the orc warrior!
The orc warrior is almost dead.
You miss Jorgrun.
Jorgrun points at you and mumbles some strange words.
You are slowing down.
The grasping roots constrict you!
You feel purified!
Jorgrun hits you with a +0 vorpal quarterstaff!
* * * LOW HITPOINT WARNING * * *
x2 The grasping roots constrict you.
* * * LOW HITPOINT WARNING * * *
You block the orc warrior's attack.
Jorgrun hits you with a +0 vorpal quarterstaff!
* * * LOW HITPOINT WARNING * * *
x2 The grasping roots constrict you.
* * * LOW HITPOINT WARNING * * *
The orc warrior hits you but does no damage.
As you read the scroll of fear, it crumbles to dust.
You assume a fearsome visage.
Jorgrun resists with almost no effort.
The orc warrior looks frightened!
Jorgrun hits you with a +0 vorpal quarterstaff.
Elyvilon protects you from harm!
* * * LOW HITPOINT WARNING * * *
The grasping roots constrict you! Elyvilon protects you from harm!
Jorgrun hits you but does no damage. The grasping roots constrict you!
You die...

# #. #. ...
##... ....
#####.....
.....#..#......
........)......
#....@.o..$..
###.)g......#
##........#
......^.##
..........#
......$.....
........##...
...##.#.## ...


You could see Jorgrun (fast) and an orc warrior (fleeing).

Vanquished Creatures
  An ogre mage (D:11)
  A boulder beetle (Lair:4)
  4 two-headed ogres
  A death yak (Lair:4)
  Nergalle (Lair:1)
  An ugly thing (D:9)
  A cyclops (D:11)
  12 elephants
  6 black mambas
  A torpor snail (Lair:4)
  7 cane toads
  2 kobold demonologists
  An unseen horror (D:11)
  6 rime drakes
  6 komodo dragons
  2 queen bees
  A meliai (Lair:2)
  3 trolls
  16 blink frogs
  A shadow (D:9)
  A wraith (D:9)
  38 yaks
  2 vampire mosquitoes
  9 wyverns
  4 basilisks
  A steam dragon (D:9)
  2 acid dragons
  14 water moccasins
  4 ice beasts
  10 orc warriors
  A sky beast (D:8)
  4 black bears
  A necrophage (D:4)
  2 ogres
  20 wolves
  2 centaurs
  2 gnoll sergeants
  13 bullfrogs
  A wyvern zombie (D:7)
  2 scorpions
  2 water moccasin skeletons
  55 killer bees
  2 electric eels (Lair:5)
  2 lava snakes (Lair:5)
  4 centaur zombies
  6 jellies
  7 orc priests
  3 bullfrog skeletons (D:5)
  2 hounds
  A gnoll shaman (D:3)
  A scorpion zombie (D:5)
  A hell rat (Lair:2)
  3 iguanas
  9 orc wizards
  A hound zombie (D:5)
  Robin (D:2)
  A howler monkey skeleton (D:7)
  A howler monkey zombie (D:7)
  15 gnolls
  3 adders (D:2)
  4 river rats (Lair:2)
  A shadow imp (D:6)
  An ufetubus (D:6)
  A worm (D:3)
  72 orcs
  7 endoplasms
  4 giant cockroaches
  22 goblins
  2 hobgoblins
  10 jackals
  3 quokkas
  7 ball pythons
  7 bats
  4 frilled lizards
  7 kobolds
  5 rats
484 creatures vanquished.

Vanquished Creatures (others)
  A two-headed ogre (D:11)
  4 killer bees (Lair:2)
  2 orcs (D:11)
  3 bushes (D:8)
  21 fungi
  91 plants
122 creatures vanquished.

Grand Total: 606 creatures vanquished

Notes
Turn   | Place    | Note
-------+----------+-------------------------------------------
     0 | D:1      | safid the Hill Orc Fighter began the quest for the Orb.
     0 | D:1      | Reached XP level 1. HP: 19/19 MP: 1/1
   172 | D:1      | Reached XP level 2. HP: 22/27 MP: 2/2
   337 | D:1      | Found a faded altar of an unknown god.
   348 | D:1      | Prayed at the altar of an unknown god.
   348 | D:1      | Became a worshipper of Elyvilon the Healer
   348 | D:1      | Reached * piety under Elyvilon
   439 | D:1      | Reached XP level 3. HP: 31/33 MP: 3/3
  1257 | D:2      | Reached XP level 4. HP: 40/40 MP: 4/4
  1350 | D:2      | Reached ** piety under Elyvilon
  1518 | D:2      | Noticed Robin
  1526 | D:2      | Killed Robin
  1891 | D:3      | Reached skill level 5 in Axes
  1901 | D:3      | Reached XP level 5. HP: 45/46 MP: 5/5
  2071 | D:3      | Found Axixety's Weapon Shop.
  2097 | D:3      | Reached XP level 6. HP: 19/52 MP: 3/6
  2301 | D:3      | Noticed an ice beast
  2307 | D:3      | Killed an ice beast
  2509 | D:3      | Reached *** piety under Elyvilon
  3024 | D:4      | Noticed a necrophage
  3032 | D:4      | Killed a necrophage
  3033 | D:4      | Reached XP level 7. HP: 57/59 MP: 7/7
  4037 | D:5      | Entered Level 5 of the Dungeon
  4047 | D:5      | Reached skill level 10 in Axes
  4090 | D:5      | Reached **** piety under Elyvilon
  4469 | D:5      | Reached XP level 8. HP: 66/66 MP: 8/8
  4702 | D:5      | Found a staircase to the Ecumenical Temple.
  4939 | D:5      | Found a snail-covered altar of Cheibriados.
  5477 | D:6      | Found a hazy altar of Hepliaklqana.
  5518 | D:6      | Found a shimmering blue altar of Sif Muna.
  5807 | D:6      | Reached ***** piety under Elyvilon
  6011 | D:7      | Reached XP level 9. HP: 32/71 MP: 9/9
  6494 | D:7      | Found an opulent altar of Gozag.
  6556 | D:7      | Found a runed translucent door.
  6556 | D:7      | Found a shimmering altar of Xom.
  6556 | D:7      | Noticed Diggabert's ghost (novice FoAK)
  6561 | D:7      | Noticed a +2 long sword of chaos
  6694 | D:7      | Reached skill level 15 in Axes
  7341 | D:7      | Found a bloodstained altar of Trog.
  7801 | D:8      | Found a roughly hewn altar of Beogh.
  8723 | D:8      | Reached skill level 1 in Invocations
  8814 | D:7      | Reached skill level 1 in Dodging
  9072 | D:8      | Reached skill level 2 in Invocations
  9330 | D:8      | Reached skill level 5 in Fighting
  9330 | D:8      | Reached skill level 3 in Invocations
  9330 | D:8      | Reached XP level 10. HP: 55/81 MP: 10/12
  9426 | D:8      | Reached skill level 5 in Armour
  9701 | D:8      | Reached skill level 4 in Invocations
  9823 | D:8      | Found a staircase to the Lair.
 10124 | D:8      | Reached skill level 5 in Invocations
 10193 | D:9      | Noticed a red ugly thing
 10193 | D:9      | Found a bloodstained altar of Trog.
 10208 | D:9      | Killed a red ugly thing
 10351 | D:9      | Found a broken altar of Ashenzari.
 10770 | D:9      | Reached skill level 6 in Invocations
 11070 | D:9      | Noticed a kobold demonologist
 11071 | D:9      | Found a glowing golden altar of the Shining One.
 11081 | D:9      | Killed a kobold demonologist
 11308 | D:10     | Entered Level 10 of the Dungeon
 11658 | D:10     | Reached XP level 11. HP: 74/92 MP: 15/15
 12355 | D:10     | Reached skill level 7 in Invocations
 12937 | D:10     | Found a shadowy altar of Dithmenos.
 13549 | D:11     | Noticed a five-headed hydra
 13711 | Lair:1   | Entered Level 1 of the Lair of Beasts
 13747 | Lair:1   | Noticed an eight-headed hydra
 13767 | Lair:1   | HP: 1/94 [ten-headed hydra (8)]
 13768 | Lair:1   | Pacified a ten-headed hydra
 14341 | Lair:1   | Noticed a six-headed hydra
 14342 | Lair:1   | Pacified a six-headed hydra
 14343 | Lair:1   | Reached skill level 5 in Dodging
 14343 | Lair:1   | Reached skill level 8 in Invocations
 14412 | Lair:1   | Noticed Nergalle
 14442 | Lair:1   | Killed Nergalle
 15406 | Lair:2   | Reached skill level 9 in Invocations
 15883 | Lair:2   | Reached XP level 12. HP: 96/105 MP: 18/18
 16260 | Lair:2   | Reached skill level 10 in Fighting
 16283 | Lair:2   | Reached skill level 10 in Invocations
 17221 | Lair:2   | Noticed Urug
 17240 | Lair:2   | Pacified Urug
 17258 | Lair:2   | Reached skill level 10 in Armour
 17670 | Lair:2   | Noticed a six-headed hydra
 17670 | Lair:2   | Noticed an eight-headed hydra
 17671 | Lair:2   | Found a staircase to the Swamp.
 17672 | Lair:2   | Pacified an eight-headed hydra
 17674 | Lair:2   | Pacified a six-headed hydra
 17675 | Lair:2   | Reached skill level 11 in Invocations
 19034 | Lair:2   | Reached XP level 13. HP: 116/116 MP: 21/21
 19763 | Lair:2   | Reached skill level 12 in Invocations
 21750 | Lair:4   | Found a staircase to the Snake Pit.
 21781 | Lair:4   | Reached skill level 13 in Invocations
 22551 | Lair:4   | Reached skill level 14 in Invocations
 23229 | Lair:4   | Reached skill level 15 in Invocations
 24445 | Lair:5   | Reached skill level 16 in Invocations
 24642 | Lair:5   | Reached XP level 14. HP: 71/126 MP: 23/26
 24947 | Lair:5   | Found a runed translucent gate.
 24947 | Lair:5   | Found a runed translucent gate.
 24947 | Lair:5   | Found a runed translucent gate.
 24947 | Lair:5   | Noticed an azure jelly
 24947 | Lair:5   | Noticed an azure jelly
 24947 | Lair:5   | Noticed an azure jelly
 24947 | Lair:5   | Noticed an acid blob
 24947 | Lair:5   | Noticed an azure jelly
 24947 | Lair:5   | Noticed an acid blob
 24948 | Lair:5   | Found a viscous altar of Jiyva.
 24948 | Lair:5   | Noticed an acid blob
 24948 | Lair:5   | Noticed DocClef's ghost (journeyman GnFE)
 24948 | Lair:5   | Noticed a quicksilver ooze
 24948 | Lair:5   | Noticed an azure jelly
 25240 | Lair:5   | Reached skill level 17 in Invocations
 25856 | Lair:6   | Entered Level 6 of the Lair of Beasts
 25856 | Lair:6   | Found a staircase to the Slime Pits.
 26567 | D:11     | Reached skill level 18 in Invocations
 27671 | D:11     | Found a roughly hewn altar of Beogh.
 27675 | D:11     | Found a staircase to the Orcish Mines.
 28052 | D:11     | HP: 3/126 [something (10)]
 28619 | D:10     | Reached skill level 19 in Invocations
 28849 | D:11     | Paralysed by something for 3 turns
 29441 | Orc:1    | Entered Level 1 of the Orcish Mines
 29441 | Orc:1    | Noticed Jorgrun
 29454 | Orc:1    | HP: 3/126 [Jorgrun/+0 vorpal quarterstaff (4)]
 29454 | Orc:1    | HP: 1/126 [constriction (2)]
 29455 | Orc:1    | Elyvilon protects you from harm!
 29455 | Orc:1    | Elyvilon protects you from harm!
 29455 | Orc:1    | Constricted to death by Jorgrun

Illustrated notes

Levels and vault maps discovered:
D:1:      beargit_arrival_greenhouse, layout_basic,
          nicolae_ecumenical_snake_handling, serial_bayou_ford_a
D:2:      layout_basic, uniq_robin
D:3:      minmay_evil_eye, layout_basic, serial_shops,
          nicolae_shop_bloodbath_and_beyond
D:4:      layout_basic
D:5:      layout_basic, marbit_many_paths, temple_doors_cd
D:6:      layout_gridville, nicolae_hepliaklqana_hazy_memory,
          nicolae_sif_muna_condensation
D:7:      layout_basic, overflow_temple_1_default, general_overflow_altar,
          ebering_ghost_xom
D:8:      layout_basic, minmay_lair_entry_grove, special_room
          [special_room_orc], hangedman_abyss_or_decor_slice
D:9:      layout_rooms, nicolae_ashenzari_panopticon, hangedman_feature_mirror,
          chequers_jeans, serial_bayou_crossing
D:10:     layout_cave_pods, nicolae_dithmenos_through_a_glass_darkly,
          special_room [special_room_bee]
D:11:     layout_loops_corners, david_orc_5
Lair:1:   layout_roguey, uniq_nergalle
Lair:2:   regret_index_combs_of_tragedy, layout_hall_layers,
          palyth_hydra_swamp_entry, uniq_urug
Lair:3:   layout_small_grid, minivault_26, nicolae_lair_run_with_the_wolves
Lair:4:   layout_cave_shapes, dummy_snake_entry, serial_rivers,
          chequers_serial_rivers_room_b, chequers_serial_rivers_small_a,
          chequers_serial_rivers_micro_b, chequers_serial_rivers_micro_b,
          nzn_sisyphean_effort
Lair:5:   layout_loops_ring, gammafunk_ghost_ooze, nicolae_lair_liquid_snakes,
          grunt_megastairs_1
Lair:6:   minmay_lair_end_frog_pond, layout_regular_city,
          minmay_slime_entry_oklob_open, minivault_23
Orc:1:    lemuel_ogre_cave, layout_diamond_mine, serial_shops, mines2_lemuel,
          uniq_sonja, uniq_jorgrun

Skill      XL: |  1  2  3  4  5  6  7  8  9 10 11 12 13 14 |
---------------+-------------------------------------------+-----
Axes           | 3 5 6 8 10 13 16 | 16.0
Fighting       | 4 5 7 9 11 12 | 12.0
Armour         | 4 6 8 10 12 | 12.0
Shields        | 4 |  4.0
Invocations    | 3 6 9 11 16 19 | 19.1
Dodging        | 1 4 5 6 |  6.0

Action                   |  1- 3 |  4- 6 |  7- 9 | 10-12 | 13-15 || total
-------------------------+-------+-------+-------+-------+-------++-------
Melee: War axe           |    98 |   118 |   405 |   899 |   756 ||  2276
Invok: Purification      |       |     1 |     3 |    12 |     4 ||    20
       Heal Self         |       |       |     2 |     3 |     3 ||     8
       Heal Other        |       |       |       |    10 |    11 ||    21
  Use: Scroll            |       |       |     6 |     9 |     3 ||    18
       Potion            |       |       |     1 |     7 |     1 ||     9
Armor: Scale mail        |    66 |    75 |   130 |       |       ||   271
       Plate armour      |       |       |    29 |   561 |   513 ||  1103
Dodge: Dodged            |    45 |    73 |   163 |   448 |   317 ||  1046
Block: Buckler           |    29 |    35 |    75 |   217 |   146 ||   502
